Cogmind - Beta 17.1 @@@ ROGUE MODE // 2026.09.12 @ 20:17:16 Player: SPACEGOAT Result: Destroyed by G-34 Mercenary with Small Laser Performance ------------- Evolutions (1) 500 Regions Visited (4) 800 Robots Destroyed (44) 220 Value Destroyed (1277) 1277 Prototype IDs (5) 100 Alien Tech Used (0) 0 Bonus (0) 0 TOTAL SCORE: 2897 Bonus ------- None Cogmind --------- Core Integrity 0/400 Matter 213/300 Energy 260/280 System Corruption 1% Temperature Cool (92) Movement Core (250) Ox4 Location -9/Storage Parts ------- > --- POWER (1) -------- Cooled Ion Engine > --- PROPULSION (2) --- (None) > --- UTILITY (4) ------ Signal Interpreter Improved Terrain Scanner > --- WEAPON (2) ------- Beam Cannon Heavy Assault Rifle > --- INVENTORY (5) ---- Heat Sink Improved Terrain Scanner Heavy Assault Rifle Peak State ------------ > --- POWER ------------ Cooled Ion Engine > --- PROPULSION ------- Aluminum Leg Improved Aluminum Leg > --- UTILITY ---------- Heat Sink Signal Interpreter Improved Terrain Scanner Seismic Detector > --- WEAPON ----------- Beam Rifle Heavy Assault Rifle > --- INVENTORY -------- Aluminum Leg Improved Terrain Scanner Seismic Detector Light Assault Rifle Rocket Launcher [Rating: 16] Favorites ----------- Power Cooled Ion Engine Engine Cooled Ion Engine Propulsion Aluminum Leg Leg Aluminum Leg Utility Improved Terrain Scanner Device Improved Terrain Scanner Processor Signal Interpreter Protection Light Armor Plating Weapon Heavy Assault Rifle Energy Gun Beam Rifle Energy Cannon Beam Cannon Ballistic Gun Heavy Assault Rifle Launcher Rocket Launcher Build | -11 -10 -10 -9 -9 ------- Run | Yrd Mat Min Mat Sto Slots Evolved 2 | . . . 2 . Power . | . . . . . Propulsion . | . . . . . Utility 2 | . . . 2 . Weapon . | . . . . . Parts Attached 33 | 7 . . 18 8 Power 4 | 1 . . 3 . Engine 4 | 1 . . 3 . Core . | . . . . . Reactor . | . . . . . Propulsion 10 | 2 . . 6 2 Treads . | . . . . . Leg 10 | 2 . . 6 2 Wheel . | . . . . . Hover . | . . . . . Flight . | . . . . . Utility 10 | 2 . . 5 3 Device 5 | 2 . . 1 2 Storage . | . . . . . Processor 1 | . . . 1 . Hackware . | . . . . . Protection 4 | . . . 3 1 Artifact . | . . . . . Weapon 9 | 2 . . 4 3 Energy Gun 2 | 1 . . 1 . Energy Cannon 1 | . . . . 1 Ballistic Gun 5 | 1 . . 3 1 Ballistic Cannon . | . . . . . Launcher 1 | . . . . 1 Special Weapon . | . . . . . Impact Weapon . | . . . . . Slashing Weapon . | . . . . . Piercing Weapon . | . . . . . Special Melee Weapon . | . . . . . Unidentified Prototypes 1 | . . . 1 . Parts Lost 13 | . . . 4 9 Power . | . . . . . Propulsion 4 | . . . 1 3 Utility 6 | . . . 1 5 Weapon 3 | . . . 2 1 Highest Loss Streak 4 | . . . 2 4 To Critical Strikes . | . . . . . Average Backups 4 | 1 3 3 4 4 Power . | . . . . . Propulsion . | . . . . . Utility 1 | . 2 2 2 1 Weapon 1 | . 1 1 2 2 Tool/Special . | . . . . . Unused Backups 4 | . . . 2 2 Power . | . . . . . Propulsion . | . . . . . Utility 3 | . . . 1 2 Weapon 1 | . . . 1 . Tool/Special . | . . . . . Average Slot Usage (%) 89 | . 100 100 93 84 Engine 11 | . 14 14 11 11 Leg 22 | . 28 28 21 21 Device 19 | . 28 28 22 16 Processor 8 | . . . 7 11 Protection 4 | . . . 8 3 Energy Gun 5 | . 14 14 2 6 Energy Cannon 2 | . . . . 4 Ballistic Gun 14 | . 14 14 19 10 Peak Build Rating 16 | 9 9 9 16 16 Average Rating 12 | 5 9 9 12 13 On Entrance 8 | . 9 9 9 16 Avg Prop Armor Cover (%) . | . . . . . Naked Turns . | . . . . . Heaviest Build 18 | 11 11 11 17 18 Greatest Support 23 | 20 20 20 23 23 Greatest Overweight (x) 1 | . . . 1 . Average Overweight (x) . | . . . . . Largest Inventory Capacity 5 | 5 5 5 5 5 Average Capacity 5 | 5 5 5 5 5 Most Carried 5 | 3 3 3 5 5 Average Carried 4 | 1 3 3 4 4 Final Capacity 5 | 5 5 5 5 5 Final Carried 5 | 3 3 3 5 3 Class Distribution -------------------- 77% | Scavenger-Mutant 22% | Mutant Dominant Class ---------------- Mutant | -10/Materials Mutant | -10/Mines Scavenger-Mutant | -9/Materials Scavenger-Mutant | -9/Storage Resources | -11 -10 -10 -9 -9 ----------- Run | Yrd Mat Min Mat Sto Matter Collected 1016 | 279 . . 364 373 Remotely . | . . . . . Salvage Created 1432 | 64 . . 528 840 Parts 97 | 11 . . 34 52 Haulers Intercepted 1 | . . . . 1 Recyclers Shooed 2 | . . . . 2 Parts Field Recycled . | . . . . . Retrieved Matter . | . . . . . Parts Self-Destructed . | . . . . . Prevented . | . . . . . Parts Restored . | . . . . . Kills | -11 -10 -10 -9 -9 ------- Run | Yrd Mat Min Mat Sto Combat Hostiles Destroyed 33 | . . . 11 22 Guns 18 | . . . 11 7 Cannons 5 | . . . . 5 AOE 10 | . . . . 10 Classes Destroyed 10 | 1 . . 3 6 Worker 3 | . . . . 3 Builder 2 | . . . . 2 Tunneler 3 | 3 . . . . Hauler 1 | . . . . 1 Recycler 1 | . . . . 1 Watcher 1 | . . . . 1 Swarmer 3 | . . . . 3 Grunt 19 | . . . 6 13 Duelist 1 | . . . 1 . Sentry 10 | . . . 4 6 Best Kill Streak 8 | 2 . . 3 8 Combat Bots Only 6 | . . . 3 6 Max Kills in Single Turn 3 | 1 . . 1 3 Gunslinging . | . . . . . Exploded 2 | . . . . 2 Melee . | . . . . . Uniques/NPCs Destroyed . | . . . . . Combat | -11 -10 -10 -9 -9 -------- Run | Yrd Mat Min Mat Sto Hostile Shots Fired 170 | . . . 69 101 Missed 48 | . . . 15 33 Hits 122 | . . . 54 68 Melee 5 | . . . 5 . Projectile 117 | . . . 49 68 Critical Strikes 1 | . . . . 1 Damage Taken 1777 | . . . 808 969 Core 407 | . . . 160 247 Absorbed by Shields . | . . . . . Regen/Repaired (Parts) 36 | . . . 36 . Core Remaining (%) 100 | 100 . 100 . . Volleys Fired 114 | 7 2 . 41 64 Largest 2 | 2 2 . 2 2 Hottest 83 | 60 60 . 79 83 Shots Fired 211 | 14 4 . 82 111 Gun 164 | 14 4 . 82 64 Cannon 30 | . . . . 30 Launcher 17 | . . . . 17 Special . | . . . . . Kinetic 120 | 7 2 . 64 47 Thermal 62 | . . . 15 47 Explosive 17 | . . . . 17 Electromagnetic 12 | 7 2 . 3 . Robot Hit Streak 16 | 5 1 . 16 10 Robot Miss Streak 4 | 2 2 . 3 4 Penetration Max . | . . . . . Secondary Targets 2 | . . . 2 . Max Gunslinging Chain 1 | . . . 1 . Shots Hit Robots 125 | 9 1 . 56 59 Core Hits 70 | 3 . . 22 45 Critical Kills 2 | . . . . 2 Critical Parts Destroyed 2 | . . . 1 1 Critical Strikes 5 | . . . 1 4 Burn 1 | . . . . 1 Destroy 4 | . . . 1 3 Melee Attacks . | . . . . . Impact . | . . . . . Slashing . | . . . . . Piercing . | . . . . . Sneak Attacks . | . . . . . Combat Hostiles . | . . . . . Follow-up Attacks . | . . . . . Damage Inflicted 3014 | 116 18 . 706 2174 Guns 1424 | 116 18 . 706 584 Cannons 331 | . . . . 331 Explosions 1257 | . . . . 1257 Melee . | . . . . . Ramming 2 | . . . . 2 Kinetic 1030 | 60 . . 546 424 Thermal 636 | . . . 145 491 Explosive 1257 | . . . . 1257 Electromagnetic 89 | 56 18 . 15 . Impact . | . . . . . Slashing . | . . . . . Piercing . | . . . . . Highest Corruption 1 | . . . . 1 Average Corruption 1 | . . . . 1 Corruption Purged . | . . . . . Corruption Blocked . | . . . . . Effects 5 | . . . . 5 Matter Fused 1 | . . . . 1 Data Loss (minor) 3 | . . . . 3 Data Loss (major) 1 | . . . . 1 Overload Shots . | . . . . . Overflow Damage 40 | . . . . 40 Projectiles . | . . . . . Explosions 40 | . . . . 40 Melee . | . . . . . Knockbacks . | . . . . . Impact . | . . . . . Kinetic . | . . . . . Secondary . | . . . . . Self-Inflicted Damage 151 | . . . . 151 Shots 4 | . . . . 4 Rammed . | . . . . . Targets Rammed 1 | . . . . 1 Kicked 1 | . . . . 1 Crushed . | . . . . . Highest Temperature 345 | . . . 345 175 Average Temperature 84 | . . . 126 62 Received Heat Transfer 672 | . . . 258 414 Effects 1 | . . . 1 . Damage (minor) 1 | . . . 1 . Siege Activations . | . . . . . Martial Activations . | . . . . . Shielding Activations . | . . . . . Robots Disrupted . | . . . . . Combat Hostiles . | . . . . . Robots Corrupted . | . . . . . Combat Hostiles . | . . . . . Parts Fried . | . . . . . Impact Corruptions . | . . . . . Robots Melted . | . . . . . Combat Hostiles . | . . . . . Parts Melted . | . . . . . Heat Transferred 1554 | . . . 370 1184 Parts Sabotaged . | . . . . . Parts Stolen . | . . . . . Parts Stripped . | . . . . . Power Chain Reactions . | . . . . . Alert | -11 -10 -10 -9 -9 ------- Run | Yrd Mat Min Mat Sto Maximum Alert Level 1 | . . . . 1 Low Security (%) 72 | 100 100 100 100 41 Level 1 27 | . . . . 58 Level 2 . | . . . . . Level 3 . | . . . . . Level 4 . | . . . . . Level 5 . | . . . . . High Security . | . . . . . Max Security . | . . . . . Peak Influence 391 | 10 3 . 85 391 Initial 28 | . 3 . . 28 Average 119 | 1 1 . 45 217 Influence Increases 1080 | 15 . . 326 739 Destroy 0b10 Robot/C 660 | . . . 220 440 Destroy 0b10 Robot/NC 60 | 15 . . . 45 Destroy Leader 184 | . . . 60 124 Successful Hack 56 | . . . 46 10 Disable Machine 30 | . . . . 30 Destroy Structure 90 | . . . . 90 Influence Decreases 689 | 10 5 . 258 416 Entered New Map 42 | . 2 . . 40 Time Decay 517 | 10 3 . 218 286 Lost Part 130 | . . . 40 90 Squads Dispatched 7 | . 1 . . 6 Investigation 2 | . . . . 2 Extermination . | . . . . . Reinforcement 3 | . 1 . . 2 Assault . | . . . . . Garrison 2 | . . . . 2 Intercept . | . . . . . Searches Triggered . | . . . . . Construction Impeded 1 | . . . . 1 Haulers Reinforced . | . . . . . Active Scanning Responses . | . . . . . Cargo Convoy Interrupts . | . . . . . Stealth | -11 -10 -10 -9 -9 --------- Run | Yrd Mat Min Mat Sto Distress Signals 2 | . . . . 2 Communications Jammed . | . . . . . Distress Signals . | . . . . . Times Spotted 38 | . 1 . 11 26 Peak Tracking Total 6 | . 1 . 4 6 Tactical Retreats . | . . . . . Traps | -11 -10 -10 -9 -9 ------- Run | Yrd Mat Min Mat Sto Traps Triggered 2 | . . . . 2 Indirectly . | . . . . . Trap Hack Attempts . | . . . . . Triggered . | . . . . . Disarmed . | . . . . . Reprogrammed . | . . . . . Reused . | . . . . . Traps Extracted . | . . . . . Installed . | . . . . . Triggered . | . . . . . Machines | -11 -10 -10 -9 -9 ---------- Run | Yrd Mat Min Mat Sto Machines Disabled 2 | . . . . 2 Max in Single Turn 1 | . . . . 1 Garrison Access 1 | . . . . 1 Machines Repaired . | . . . . . Machines Dismantled . | . . . . . Machines Sabotaged . | . . . . . Overloaded Fab Kills . | . . . . . Hacking | -11 -10 -10 -9 -9 --------- Run | Yrd Mat Min Mat Sto Machines Accessed 11 | . . . 5 6 Terminals 8 | . . . 4 4 Fabricators . | . . . . . Repair Stations 2 | . . . 1 1 Recycling Units . | . . . . . Scanalyzers . | . . . . . Garrison Access 1 | . . . . 1 Total Hacks 27 | . . . 12 15 Successful 17 | . . . 9 8 Failed 10 | . . . 3 7 Catastrophic . | . . . . . Database Lockouts . | . . . . . Manual 9 | . . . 4 5 Terminals 21 | . . . 10 11 Fabricators . | . . . . . Repair Stations 4 | . . . 2 2 Recycling Units . | . . . . . Scanalyzers . | . . . . . Garrison Access 2 | . . . . 2 Terminal Hacks 14 | . . . 7 7 Robot Analysis 2 | . . . 2 . Prototype ID Bank 2 | . . . . 2 Open Door 1 | . . . . 1 Emergency Access Points 1 | . . . . 1 Alert Level 1 | . . . 1 . Zone Layout 7 | . . . 4 3 Fabricator Hacks . | . . . . . Repair Station Hacks 2 | . . . 2 . Scan Component 1 | . . . 1 . Repair 1 | . . . 1 . Recycling Unit Hacks . | . . . . . Scanalyzer . | . . . . . Garrison Access Hacks 1 | . . . . 1 Seal Access 1 | . . . . 1 Unauthorized Hacks . | . . . . . Terminals . | . . . . . Fabricators . | . . . . . Repair Stations . | . . . . . Recycling Units . | . . . . . Scanalyzers . | . . . . . Garrison Access . | . . . . . Data Cores Recovered . | . . . . . Used . | . . . . . Hacking Detections 9 | . . . 4 5 Full Trace Events 2 | . . . 1 1 Feedback Events 1 | . . . . 1 Corruption 1 | . . . . 1 Feedback Blocked . | . . . . . Robot Schematics Acquired . | . . . . . Robots Built . | . . . . . Authchips . | . . . . . Time . | . . . . . Total Robot Build Rating . | . . . . . Part Schematics Acquired . | . . . . . Parts Built . | . . . . . Authchips . | . . . . . Time . | . . . . . Total Part Build Rating . | . . . . . Part Studies Acquired . | . . . . . Parts Repaired 1 | . . . 1 . Time 13 | . . . 13 . Parts Recycled . | . . . . . Recycled Matter . | . . . . . Retrieved Matter . | . . . . . Retrieved Components . | . . . . . Parts Scanalyzed . | . . . . . Part Schematics Acquired . | . . . . . Parts Damaged . | . . . . . Bothacking | -11 -10 -10 -9 -9 ------------ Run | Yrd Mat Min Mat Sto Used RIF Installer . | . . . . . Robots Hacked . | . . . . . Non-combat . | . . . . . Combat . | . . . . . Robot Hacks Applied . | . . . . . Relay Couplers Released . | . . . . . Fabnet Peak Effective % . | . . . . . Robots Rewired . | . . . . . Allies Hacked . | . . . . . Hacks Repelled . | . . . . . Allies | -11 -10 -10 -9 -9 -------- Run | Yrd Mat Min Mat Sto Total Allies . | . . . . . Largest Group . | . . . . . Highest-Rated Group . | . . . . . Highest-Rated Ally . | . . . . . Total Orders . | . . . . . Ally Attacks . | . . . . . Total Damage . | . . . . . Kills . | . . . . . Allies Corrupted . | . . . . . Allies Melted . | . . . . . Intel | -11 -10 -10 -9 -9 ------- Run | Yrd Mat Min Mat Sto Active Infowar (turns) 1269 | 48 54 64 472 631 Terrain 1269 | 48 54 64 472 631 Structural 12 | . . . . 12 Seismic 861 | 30 54 64 472 241 Robot Analysis Total 2 | . . . 2 . Derelict Logs Recovered 1 | . . 1 . . Drone Launches . | . . . . . Drone Recoveries . | . . . . . Exploration | -11 -10 -10 -9 -9 ------------- Run | Yrd Mat Min Mat Sto Turns Passed 1333 | 112 54 64 472 631 Spaces Moved 671 | 67 41 54 243 266 Core 3 | 3 . . . . Treads . | . . . . . Legs 668 | 64 41 54 243 266 Wheels . | . . . . . Hover . | . . . . . Flight . | . . . . . Fastest Speed 50 | 50 120 120 120 120 Average Speed 120 | 116 120 120 120 120 Slowest Speed 190 | 120 120 120 190 120 Overloaded Moves . | . . . . . Propulsion Burnouts . | . . . . . Robots Hopped . | . . . . . Potential Cave-ins . | . . . . . Cave-ins Triggered . | . . . . . Exploration Rate (%) 21 | 4 11 14 25 55 Regions Visited 4 Branch Regions 2 Pre-discovered Areas 1 | . . 1 . . Known Exits Taken 1 | . . . 1 . Unknown Exits Taken 3 | 1 1 1 . . Scrap Searched . | . . . . . Spaces Dug . | . . . . . Terrain Destroyed 94 | . . . . 94 Melee . | . . . . . Projectile . | . . . . . AOE 94 | . . . . 94 Terrain Rammed . | . . . . . Walls Destroyed . | . . . . . Machines Disabled . | . . . . . Actions | -11 -10 -10 -9 -9 --------- Run | Yrd Mat Min Mat Sto Total 983 | 83 42 53 342 463 Wait 129 | . . . 21 108 Move 667 | 66 40 53 242 266 Hop . | . . . . . Pick Up 12 | 3 . . 7 2 Fast Attach 16 | 7 . . 5 4 Attach 6 | . . . 3 3 Detach . | . . . . . Swap 21 | . . . 11 10 Drop 16 | . . . 12 4 Fire 114 | 7 2 . 41 64 Melee . | . . . . . Ram . | . . . . . Kick 1 | . . . . 1 Crush . | . . . . . Escape Stasis . | . . . . . Rewire 1 | . . . . 1 Trap . | . . . . . Miscellaneous . | . . . . . Route ------- -11/Scrapyard -10/Materials -10/Mines -9/Materials -9/Storage History --------- Turn | Location | Event 6 | -11/Scrapyard | Discovered new exit (range 16) 113 | -11/Scrapyard | Entered Materials 157 | -10/Materials | Discovered new exit (range 10) 167 | -10/Materials | Entered Mines 181 | -10/Mines | Learned location of Zion (-6) 223 | -10/Mines | Discovered new exit (range 7) 231 | -10/Mines | Entered Materials 231 | -9/Materials | Evolved 2 slots: Utility x2 507 | -9/Materials | Repaired Aluminum Leg 597 | -9/Materials | Discovered new exit (range 16) 604 | -9/Materials | Build established: Scavenger-Mutant 666 | -9/Materials | Identified exit to Storage 703 | -9/Materials | Entered Storage 1012 | -9/Storage | Core integrity fell below 50% 1318 | -9/Storage | Core integrity fell below 20% 1334 | -9/Storage | Destroyed by G-34 Mercenary with Small Laser Last Messages --------------- W-16 Scout sends out distress signal. Structural Scanner destroyed. G-34 Mercenary destroyed. K-01 Serf collects debris. Destroyed Aluminum Leg. K-01 Serf collects debris. K-01 Serf destroyed. System corrupted: Substantial component data lost. G-47 Trooper destroyed. Aluminum Leg destroyed. Destroyed Aluminum Leg. W-16 Scout sends out distress signal. Aluminum Leg destroyed. Destroyed Aluminum Leg. T-07 Excavator destroyed. G-34 Mercenary destroyed. W-16 Scout destroyed. Rocket Launcher destroyed. Destroyed Rocket Launcher. Map ----- +----------------------------------------------------+ | ?????????????????????????#???#?#??????####### | | ?????????????????????# #### ########## # | | ?????????????????????# # | | ?????????????????????? T / | | ????????????????????????? ?####### ###### # | | ???????????????????? ??????#######+##???###### | | ???????????????????????#???# #????????#* | | ???????????????????????????# """" #????##??## | | ???????????????????????????# " " ######?#??? | | ???????????????????????????# "??? ## #????? | | ??????????????????????"????# "??? ## ##???? | | ??????????????#????????????# " ?? ## ###### | | ???????????????????????????# """" ## ##T### | | ??????????????????? ???????# ## # " | | ???????????#??????????"????# %= #????+??"?? | | ????????????????? ?? ??????#####%##### # ???? | | ????????????????????? ??? ?# % #????? | | ??????????????????? ? ?????# #????? | | ??????????????#???? ? ??? ?# #?#?#? | | ???????????????? ??????????# ###########????? | | ??????????????#?? # # #??????????????# | | ???????????#??# ########## #? ??????????#?? | | ??????????????# #[ # # ?"""???????##? | | ??????????????# % # # ?????????????? | | ??????????????# +% + ?? ?? ???????? | | ???????? ?????# @ # # ?????"???????? | | ????????????? # % # + ?????????????? | | ????????? ????#a [%= # #??????????????? | | ??????????????# !g% ### #?????????#????? | | ???????????? Y =%= ###+###??????????????? | | ?????????? # *=""###? ??#???????????????? | | ????????? ??# Y"#??????????????????????? | | ????????? ???# ""#??????????????????????? | | ????????????? # ###??????????????????????? | | ?????????????# ?????????????????????????? | | ????????????? #?????????#??????????????? | | ???????????? ????????#?????????????????? | | ????????????? #??????????????????????????? | | ??????????????? ?????#?????????????????????? | | ?????????????????? ????????#??????????????????? | | ??????????????????????????????????????????????? | | ??????????????????????????????????????????????? | | ??????????????????????????????????????????????? | | ??????????????????????????????????????????????? | | ??????????????????????????????????????????????? | | ??????????????????????????????????????????????? | | ??????????????????????????????????????????????? | | ??????????????????????????????????????????????? | | ??????????????????????????????????????????????? | | | +----------------------------------------------------+ Best States ------------- Heat Dissipation 38 Energy Generation 14 Energy Capacity 280 Matter Stores 300 Matter Capacity 300 Sight Range 16 Terrain Scan Range 16 Terrain Scan Density 10 Armor Coverage 150 Evasion (%) 55 Item Schematics ----------------- None Robot Schematics ------------------ None Fabricated ------------ Nothing Repaired ---------- Aluminum Leg | 60% | -9/Materials Studied --------- None Alien Tech Used ----------------- None Achievements -------------- None Challenges ------------ None Game ------ Seed SurgeOvertunedReactor Manual? 0 Play Time 00:25:04 Cumulative 39.8 hours Start 2026.09.12 @ 19:24:07 End 2026.09.12 @ 20:17:16 Sessions 3 Manual Loads 0 Difficulty Rogue Special Mode None Game No. 44 Rogue 44 Adventurer 0 Explorer 0 Win Type - Total 0 Types 0/0/0/0/0/0/0/0/0/0 Lore% 17 Gallery% 25 Achievement% 18 Wizard Run 0 Options --------- Layout 1 ASCII 0 Keyboard 0 Movement Mouse Keybinds 0 Fullscreen 1 Font 20/SmallcapsGlow Map View 50x35 Zoom Use 0% Tactical HUD 0 Map Filters NONE Filters NONE Steam 1 RUN: e579e543-8569-40b3-b872-3b3b3a7af2fa